 Dungeon Crawl Stone Soup version 0.28.0-43-g3370ac3207 (webtiles) character file.

Game seed: 9730130060357743473

54 Ablot the Grasshopper (level 3, -6/31 HPs)
             Began as a Gnoll Warper on Mar 10, 2022.
             Mangled by a gnoll
             ... wielding a +0 spear
              (8 damage)
             ... on level 2 of the Dungeon.
             The game lasted 00:02:01 (2231 turns).

Ablot the Grasshopper (Gnoll Warper)                Turns: 2231, Time: 00:02:01

Health: -6/31      AC:  3    Str: 12    XL:     3   Next: 91%
Magic:  9/9        EV: 12    Int: 12    God:
Gold:   95         SH:  0    Dex: 11    Spells: 10/12 levels left

rFire   . . .      SeeInvis .   a - +0 spear
rCold   . . .      Faith    .   (no shield)
rNeg    . . .      Spirit   .   b - +0 leather armour
rPois   .          Reflect  .   (no helmet)
rElec   .          Harm     .   (no cloak)
rCorr   .          Rampage  .   (no gloves)
Will    .....                   (no boots)
Stlth   +.........              (no amulet)
HPRegen 0.10/turn               (no ring)
MPRegen 0.11/turn               (no ring)

@: no status effects
A: fangs 1, strong nose, distributed training
a: no special abilities


You were on level 2 of the Dungeon.
You visited 1 branch of the dungeon, and saw 2 of its levels.

You collected 95 gold pieces.

Inventory:

Hand Weapons
 a - a +0 spear (weapon)
Missiles
 d - 5 boomerangs of dispersal
 e - 35 stones
 j - 4 poisoned darts (quivered)
 k - 5 boomerangs
 l - 9 sling bullets
Armour
 b - a +0 leather armour (worn)
 m - a +0 buckler
Wands
 p - a wand of acid (8)
Scrolls
 c - a scroll of blinking
 g - a scroll of immolation {unknown}
 i - a scroll of identify {unknown}
 n - a scroll of fog {unknown}
Potions
 f - 2 potions of resistance {unknown}
 h - 2 potions of curing {unknown}
 o - a potion of haste {unknown}


   Skills:
 + Level 4.6 Fighting
 + Level 1.0 Short Blades
 + Level 1.0 Long Blades
 + Level 1.0 Axes
 + Level 1.0 Maces & Flails
 + Level 4.6 Polearms
 + Level 1.0 Staves
 + Level 1.0 Slings
 + Level 1.0 Bows
 + Level 1.0 Crossbows
 + Level 2.6 Throwing
 + Level 2.6 Armour
 + Level 4.6 Dodging
 + Level 1.0 Stealth
 + Level 1.0 Shields
 + Level 1.0 Unarmed Combat
 + Level 5.0 Spellcasting
 + Level 0.7 Conjurations
 + Level 0.7 Hexes
 + Level 0.7 Summonings
 + Level 0.7 Necromancy
 + Level 5.4 Translocations
 + Level 0.7 Transmutations
 + Level 0.7 Fire Magic
 + Level 0.7 Ice Magic
 + Level 0.7 Air Magic
 + Level 0.7 Earth Magic
 + Level 0.7 Poison Magic
 + Level 1.0 Invocations
 + Level 1.0 Evocations


You had 10 spell levels left.
You knew the following spells:

 Your Spells              Type           Power      Damage    Failure   Level
a - Blink                 Tloc           32%        N/A       4%          2

Your spell library contained the following spells:

 Spells                   Type           Power      Damage    Failure   Level
 Gell's Gravitas          Tloc           16%        N/A       9%          3
 Lesser Beckoning         Tloc           16%        N/A       9%          3
 Teleport Other           Tloc           16%        N/A       9%          3
 Manifold Assault         Tloc           16%        N/A       58%         5


Dungeon Overview and Level Annotations

Branches:
Dungeon (2/15)

Altars:


Innate Abilities, Weirdness & Mutations

You have very sharp teeth.
Your uncanny sense of smell can sniff out nearby items.
Your experience applies equally to all skills.


Message History

The ball python constricts you.
You hit the ball python.
You kill the ball python!
No target in view!
No target in view!
There is an open door here.
A gnoll comes into view. It is wielding a +0 spear.
A gnoll is nearby!
The gnoll shouts!
You hear a shout!
The gnoll hits you from afar with a +0 spear.
You reach to attack!
You hit the gnoll but do no damage.
The gnoll hits you from afar with a +0 spear.
The gnoll hits you from afar with a +0 spear.
Reach: a) +0 spear
Press: ? - help, Dir - move target, f/p - gnoll
Aim: a gnoll, wielding a +0 spear (about 34% to evade your +0 spear)
You reach to attack!
You hit the gnoll.
The gnoll is lightly wounded.
The gnoll hits you from afar with a +0 spear!
* * * LOW HITPOINT WARNING * * *
Reach: a) +0 spear
Press: ? - help, Dir - move target, f/p - gnoll
Aim: a gnoll, wielding a +0 spear (lightly wounded, about 34% to evade your +0 spear)
You reach to attack!
You hit the gnoll but do no damage.
The gnoll is lightly wounded.
The gnoll hits you from afar with a +0 spear.
* * * LOW HITPOINT WARNING * * *
Reach: a) +0 spear
Press: ? - help, Dir - move target, f/p - gnoll
Aim: a gnoll, wielding a +0 spear (lightly wounded, about 34% to evade your +0 spear)
You reach to attack!
You hit the gnoll.
The gnoll is moderately wounded.
Unknown command.
Reach: a) +0 spear
Press: ? - help, Dir - move target, f/p - gnoll
Aim: a gnoll, wielding a +0 spear (moderately wounded, about 34% to evade your +0 spear)
You reach to attack!
You hit the gnoll.
The gnoll is heavily wounded.
The gnoll hits you from afar with a +0 spear!
You die...

### #####.#
......#
#####.############
#............#
#.##########.# #.#
#.# ### #.# #@#
#<# #.# #.# #.#
#.# #g## #.#
############# #..#
..# ............##
#..# ###
.............#
#..#
........>....#
#..#
####.........#
#..#
########....##
#..#


You could see a gnoll.

Vanquished Creatures
  A worm (D:2)
  2 dart slugs (D:2)
  4 orcs (D:2)
  5 ball pythons
  8 bats
  2 endoplasms (D:1)
  2 goblins (D:1)
  4 hobgoblins
  A kobold (D:2)
  2 quokkas
  6 frilled lizards
  5 rats (D:1)
42 creatures vanquished.

Notes
Turn   | Place    | Note
-------+----------+-------------------------------------------
     0 | D:1      | Ablot the Gnoll Warper began the quest for the Orb.
     0 | D:1      | Reached XP level 1. HP: 20/20 MP: 6/6
   232 | D:1      | Reached XP level 2. HP: 24/26 MP: 7/7
   235 | D:1      | Learned a level 2 spell: Blink
   907 | D:1      | Reached XP level 3. HP: 31/31 MP: 9/9
  1176 | D:2      | Reached skill level 5 in Spellcasting
  1582 | D:2      | Reached skill level 1 in Invocations
  1732 | D:2      | Reached skill level 1 in Short Blades
  1732 | D:2      | Reached skill level 1 in Long Blades
  1732 | D:2      | Reached skill level 1 in Axes
  1732 | D:2      | Reached skill level 1 in Maces & Flails
  1732 | D:2      | Reached skill level 1 in Staves
  1732 | D:2      | Reached skill level 1 in Slings
  1732 | D:2      | Reached skill level 1 in Bows
  1732 | D:2      | Reached skill level 1 in Crossbows
  1732 | D:2      | Reached skill level 1 in Stealth
  1732 | D:2      | Reached skill level 1 in Shields
  1732 | D:2      | Reached skill level 1 in Unarmed Combat
  1732 | D:2      | Reached skill level 1 in Evocations
  2231 | D:2      | Mangled by a gnoll

Illustrated notes

Levels and vault maps discovered:
D:1:      eino_arrival_druids_welcome, layout_loops_corners, grunt_decor_cap
D:2:      layout_basic, serial_bayou_crossing

Skill      XL: |  1  2  3 |
---------------+----------+-----
Spellcasting   | 5 |  5.0
Invocations    | 1 |  1.0
Short Blades   | 1 |  1.0
Long Blades    | 1 |  1.0
Axes           | 1 |  1.0
Maces & Flails | 1 |  1.0
Staves         | 1 |  1.0
Slings         | 1 |  1.0
Bows           | 1 |  1.0
Crossbows      | 1 |  1.0
Stealth        | 1 |  1.0
Shields        | 1 |  1.0
Unarmed Combat | 1 |  1.0
Evocations     | 1 |  1.0
Fighting       | |  4.6
Polearms       | |  4.6
Throwing       | |  2.6
Armour         | |  2.6
Dodging        | |  4.6
Conjurations   | |  0.7
Hexes          | |  0.7
Summonings     | |  0.7
Necromancy     | |  0.7
Translocations | |  5.4
Transmutations | |  0.7
Fire Magic     | |  0.7
Ice Magic      | |  0.7
Air Magic      | |  0.7
Earth Magic    | |  0.7
Poison Magic   | |  0.7

Action                   || total
-------------------------++-------
Melee: Spear             ||   154
       Bite              ||    10
       Punch             ||     5
Throw: Dart              ||     2
 Stab: Sleeping          ||     3
Armor: Leather armour    ||    23
Dodge: Dodged            ||    62
